 Dungeon Crawl Stone Soup version 0.32-a0-673-g3729bd50f8 (webtiles) character file.

Game seed: 11080823708317711562

2 BeKind the Caller (level 1, 0/11 HPs)
             Began as an Octopode Summoner on Mar 11, 2024.
             Slain by a jackal (1 damage)
             ... on level 1 of the Dungeon.
             The game lasted 00:00:08 (29 turns).

BeKind the Caller (Octopode Summoner)                 Turns: 29, Time: 00:00:08

Health: 0/11       AC:  1    Str:  7    XL:     1   Next: 30%
Magic:  0/3        EV: 13    Int: 17    God:
Gold:   0          SH:  0    Dex: 12    Spells: 3/4 levels left

rFire   . . .        (no weapon)
rCold   . . .        (no shield)
rNeg    . . .        (helmet restricted)
rPois   .            (no amulet)
rElec   .            (no ring)
rCorr   .            (no ring)
SInv    .            (no ring)
Will    .....        (no ring)
Stlth   +++          (no ring)
HPRegen 0.21/turn    (no ring)
MPRegen 0.08/turn    (no ring)
                     (no ring)

%: no passive effects
@: no status effects
A: almost no armour, amphibious, 8 rings, camouflage 1, gelatinous body 1,
(nimble swimmer 1), tentacles
a: no special abilities


You were on level 1 of the Dungeon.
You visited 1 branch of the dungeon, and saw 1 of its levels.

Inventory:

Scrolls
 b - a scroll of amnesia {unknown}
Potions
 a - a potion of magic


   Skills:
 + Level 2.0 Dodging
 + Level 2.7 Stealth
 + Level 2.0 Spellcasting
 + Level 4.0 Summonings


You had 3 spell levels left.
You knew the following spells:

 Your Spells              Type           Power      Damage    Failure   Level
a - Summon Small Mammal   Summ           60%        N/A       3%          1

Your spell library contained the following spells:

 Spells                   Type           Power      Damage    Failure   Level
 Call Imp                 Summ           30%        N/A       5%          2
 Call Canine Familiar     Summ           15%        N/A       11%         3
 Summon Blazeheart Golem  Fire/Summ      8%         N/A       63%         4
 Summon Lightning Spire   Summ/Air       8%         N/A       63%         4


Dungeon Overview and Level Annotations

Branches:
Dungeon (1/15)

Altars:


Innate Abilities, Weirdness & Mutations

You cannot wear most types of armour.
You are amphibious.
You can wear up to eight rings at the same time.
Your skin changes colour to match your surroundings (Stealth+).
Your rubbery body absorbs attacks. (AC +1, EV +1)
((You are camouflaged when in or above water. (Stealth+)))
You have tentacles for arms and can constrict up to eight enemies at once.


Message History

You constrict the jackal.
You kill the jackal!
Your bat hits the ball python.
Your bat closely misses the ball python.
The ball python bites your bat.
Your bat dies!
Your bat's corpse disappears in a puff of smoke!
The jackal closely misses you.
The ball python hisses angrily.
The jackal misses you. The ball python barely misses you.
The ball python closely misses you. The quokka misses you.
The ball python bites you. The ball python grabs you.
The ball python constricts you. The jackal completely misses you.
You tentacle-slap the ball python. You grab the ball python.
The ball python is severely wounded.
You constrict the ball python.
You kill the ball python!
Your bat closely misses the quokka.
The jackal barely misses you. The quokka bites you.
You are too injured to fight recklessly!
You are too injured to fight recklessly!
You are too injured to fight recklessly!
You tentacle-slap the jackal but do no damage.
Your grab misses the jackal.
Your bat closely misses the quokka.
The jackal bites you.
* * * LOW HITPOINT WARNING * * *
The quokka barely misses you.
You tentacle-slap the jackal. Your grab misses the jackal.
Your tentacle-slap misses the jackal.
The jackal is heavily wounded.
Your bat closely misses the quokka.
The jackal misses you. The quokka bites you.
* * * LOW HITPOINT WARNING * * *
The jackal barely misses you.
Your bat misses the quokka. You barely miss the jackal. You grab the jackal.
The jackal is heavily wounded.
You constrict the jackal. Your bat misses the quokka.
Your bat closely misses the quokka.
The quokka closely misses you. The jackal bites you.
You die...

#^<.# #...#
###'###
#####.....+
#...#.....#
####
#.ß.+..ß..#
...
#...#.....##.#
#####.....'..#
###'###@.#
#...#h#r......
#.ß.#. .b#.##.
#...#. ....#
#####. ...)#
.. ..#... ..
..#.### .. ...
#


You could see a quokka (ally target), a jackal and a friendly bat (summoned).

Vanquished Creatures
  A jackal (D:1)
  A ball python (D:1)
2 creatures vanquished.

Notes
Turn   | Place    | Note
-------+----------+-------------------------------------------
     0 | D:1      | BeKind the Octopode Summoner began the quest for the Orb.
     0 | D:1      | Reached XP level 1. HP: 11/11 MP: 3/3
    29 | D:1      | Slain by a jackal

Illustrated notes

Levels and vault maps discovered:
D:1:      minmay_arrival_stair_chambers, layout_loops_cross,
          basic_ecumenical_altar, serial_bayou_pond_a

Action                     || total
---------------------------++-------
  Melee: Unarmed           ||     6
         Constrict         ||     3
   Cast: Summon Small Mamm ||     3
 Armour: Skin              ||     8
  Dodge: Dodged            ||    12

Table legend: (Time is in decaauts)
 A = Elapsed time spent in this place.
 B = Non-inter-level travel time spent in this place.
 C = Inter-level travel time spent in this place.
 D = Time resting spent in this place.
 E = Time spent auto-exploring this place.
 F = Levels seen in this place.
 G = Mean time per level.
                   A        B        C        D        E       F      G
               +--------+--------+--------+--------+--------+-----+--------+
         Total |     29 |     29 |      0 |      0 |     18 |   1 |   29.0 |
       Dungeon |     29 |     29 |      0 |      0 |     18 |   1 |   29.0 |
               +--------+--------+--------+--------+--------+-----+--------+

Top non-repeatable levels by time:
     D:1: 29 daAuts
